 Dungeon Crawl Stone Soup version 0.27.0-1-g7a089689b8 (webtiles) character file.

Game seed: 17897838369884403817

178 freelancePsychic the Poker (level 5, -9/47 HPs)
             Began as a Minotaur Abyssal Knight on Aug 8, 2021.
             Was a Priest of Lugonu.
             Mangled by an ogre (34 damage)
             ... on level 5 of the Dungeon.
             The game lasted 00:04:21 (3128 turns).

freelancePsychic the Poker (MiAK)                   Turns: 3128, Time: 00:04:22

Health: -9/47      AC:  6    Str: 17    XL:     5   Next: 32%
Magic:  5/5        EV:  8    Int:  9    God:    Lugonu [***...]
Gold:   122        SH:  7    Dex: 10    Spells: 4/4 levels left

rFire    + . .     SeeInvis .   a - +1 spear
rCold    x . .     Faith    .   r - +0 kite shield
rNeg     . . .     Spirit   .   d - +0 ring mail
rPois    .         Reflect  .   (helmet restricted)
rElec    .         Harm     .   (no cloak)
rCorr    .         Rampage  .   (no gloves)
Will     +....                  t - +0 pair of boots
Stlth    ..........             (no amulet)
HPRegen  0.15/turn              p - ring of willpower
MPRegen  0.09/turn              h - ring of fire

@: attractive
A: horns 2, retaliatory headbutt
a: Renounce Religion, Depart the Abyss, Bend Space, Banish


You were on level 5 of the Dungeon.
You worshipped Lugonu.
Lugonu was most pleased with you.
You visited 1 branch of the dungeon, and saw 5 of its levels.
You visited the Abyss 1 time.

You collected 122 gold pieces.

Inventory:

Hand Weapons
 a - a +1 spear (weapon)
Armour
 b - a +0 leather armour
 d - a +0 ring mail (worn)
 r - a +0 kite shield (worn)
 t - a +0 pair of boots (worn)
Jewellery
 h - a ring of fire (right hand)
 n - a +6 ring of strength
 p - a ring of willpower (left hand)
Scrolls
 f - 3 scrolls of teleportation {@r4}
 j - a scroll of identify {unknown}
 m - 2 scrolls of immolation {unknown}
 s - a scroll of enchant armour {unknown}
 w - a scroll of noise {unknown}
 x - a scroll of holy word {unknown}
Potions
 c - 3 potions of haste {unknown}
 e - a potion of attraction
 g - 4 potions of brilliance {unknown}
 i - 2 potions of magic {unknown}
 k - 2 potions of lignification {unknown}
 l - a potion of heal wounds {unknown}
 o - a potion of might {unknown}
 q - a potion of flight {unknown}
 u - a potion of resistance {unknown}
 v - a potion of berserk rage {unknown}


   Skills:
 + Level 4.8 Fighting
 - Level 5.0 Polearms
 - Level 3.4 Armour
 - Level 1.1 Dodging
 + Level 1.5 Shields
 + Level 1.8 Invocations


You had 4 spell levels left.
You didn't know any spells.
Your spell library contained the following spells:

 Spells                   Type           Power      Damage    Failure   Level
 Ozocubu's Armour         Ice            0%         N/A       100%        3
 Metabolic Englaciation   Hex/Ice        0%         N/A       100%        5
 Simulacrum               Ice/Necr       0%         N/A       100%        6


Dungeon Overview and Level Annotations

Branches:
Dungeon (5/15)
 Temple: D:4-7

Altars:
Nemelex Xobeh
Ru
Xom

Annotations:
D:2 1 runed translucent door, Crazy Yiuf
D:4 Sigmund


Innate Abilities, Weirdness & Mutations

You have a pair of horns on your head.
You reflexively headbutt those who attack you in melee.


Message History

No target in view!
No target in view!
No target in view!
No target in view!
No target in view!
No target in view!
No target in view!
No target in view!
No target in view!
No target in view!
An ogre comes into view. It is wielding a +0 giant spiked club.
The ogre shouts!
Aiming: Paralyse
Press: ? - help, Shift-Dir - straight line, f - ogre
Aim: an ogre, wielding a +0 giant spiked club (chance to affect: 46%)
Okay, then.
Aiming: Paralyse
Press: ? - help, Shift-Dir - straight line, f - ogre
Aim: an ogre, wielding a +0 giant spiked club (chance to affect: 46%)
The ogre resists with some effort.
Aiming: Paralyse
Press: ? - help, Shift-Dir - straight line, f/p - ogre
Aim: an ogre, wielding a +0 giant spiked club (chance to affect: 46%)
The ogre resists with some effort.
The ogre barely misses you. You furiously retaliate!
You headbutt the ogre.
Aiming: Paralyse
Press: ? - help, Shift-Dir - straight line, f/p - ogre
Aim: an ogre, wielding a +0 giant spiked club (lightly wounded, chance to affect: 46%)
The ogre resists with some effort.
The ogre hits you with a +0 giant spiked club!!
Aiming: Paralyse
Press: ? - help, Shift-Dir - straight line, f/p - ogre
Aim: an ogre, wielding a +0 giant spiked club (lightly wounded, chance to affect: 46%)
The ogre resists with some effort.
The now-empty wand crumbles to dust.
Okay, then.
It was a potion of attraction.
You feel attractive to monsters.
The ogre hits you with a +0 giant spiked club!!
Ouch! That really hurt!
You die...

## . ########
.###
#......##?...
#.......#..# .
#......#...#.#
#..<.........#
#.....O#......
##....@..#
#.....<.##
##...#..#
##...#.#
#....†..#
#.##.##.# #.
#. #.# # #.
#.# #. #.#


You could see an ogre.

Vanquished Creatures
  A hound (D:3)
  Terence (D:2)
  2 adders
  An ufetubus (D:2)
  2 worms (D:3)
  5 dart slugs
  5 ball pythons
  12 endoplasms
  4 giant cockroaches
  6 goblins
  9 hobgoblins
  5 jackals
  2 quokkas
  4 bats
  7 frilled lizards
  7 kobolds
  7 rats
80 creatures vanquished.

Notes
Turn   | Place    | Note
-------+----------+-------------------------------------------
     0 | Abyss:1  | freelancePsychic the Minotaur Abyssal Knight began the
                  | quest for the Orb.
     0 | Abyss:1  | Reached XP level 1. HP: 19/19 MP: 1/1
    10 | D:1      | Escaped the Abyss
   199 | D:1      | Found a faded altar of an unknown god.
   228 | D:1      | Reached skill level 3 in Polearms
   228 | D:1      | Reached XP level 2. HP: 27/27 MP: 2/2
   358 | D:1      | Reached ** piety under Lugonu
   619 | D:1      | Reached XP level 3. HP: 32/33 MP: 3/3
  1082 | D:2      | Found a runed translucent door.
  1083 | D:2      | Noticed Crazy Yiuf
  1359 | D:2      | Reached skill level 4 in Polearms
  1464 | D:2      | Noticed Terence
  1474 | D:2      | Killed Terence
  1475 | D:2      | Reached XP level 4. HP: 34/41 MP: 4/4
  1645 | D:2      | Found a sparkling altar of Nemelex Xobeh.
  2003 | D:3      | Reached skill level 1 in Shields
  2016 | D:3      | Reached XP level 5. HP: 44/47 MP: 5/5
  2021 | D:3      | Reached *** piety under Lugonu
  2123 | D:3      | Found a sacrificial altar of Ru.
  2324 | D:3      | Reached skill level 5 in Polearms
  2368 | D:3      | Found a shimmering altar of Xom.
  2483 | D:4      | Noticed a yak
  2484 | D:4      | Noticed a yak
  2484 | D:4      | Noticed a yak
  2484 | D:4      | Noticed a yak
  2781 | D:4      | Noticed Sigmund
  3108 | D:5      | Entered Level 5 of the Dungeon
  3119 | D:5      | Noticed an ogre
  3128 | D:5      | Mangled by an ogre

Illustrated notes

Levels and vault maps discovered:
D:1:      dpeg_arrival_stone_temple_mockup, layout_basic,
          basic_ecumenical_altar, minmay_fountain_box,
          chequers_serial_rivers_micro_c
D:2:      minmay_razor_zed, layout_basic, basic_altar, kennysheep_crisscross,
          dk_vineyard_1, uniq_crazy_yiuf_cottage, uniq_terence
D:3:      layout_rooms, mainiacjoe_overflow_alcove_1, hangedman_ru_absence,
          kennysheep_generic_room_15
D:4:      layout_basic, uniq_sigmund
D:5:      layout_loops_cross, grunt_dithmenos_smoke,
          minmay_temple_entry_statues_pillars

Skill      XL: |  1  2  3  4  5 |
---------------+----------------+-----
Polearms       | 3 4 5 |  5.0
Fighting       | 4 |  4.8
Armour         | 3 |  3.4
Shields        | 1 |  1.5
Dodging        | |  1.1
Invocations    | |  1.8

Action                   |  1- 3 |  4- 6 || total
-------------------------+-------+-------++-------
Melee: Spear             |   124 |    92 ||   216
       Headbutt          |    11 |    15 ||    26
Evoke: Wand              |       |     4 ||     4
  Use: Scroll            |     1 |       ||     1
       Potion            |       |     1 ||     1
Armor: Leather armour    |     2 |       ||     2
       Ring mail         |    22 |    23 ||    45
Dodge: Dodged            |    42 |    18 ||    60
Block: Kite shield       |       |    21 ||    21
